 Dungeon Crawl Stone Soup version 0.18-a0-1203-gbde16db (webtiles) character file.

1356 Shaidar413 the Ducker (level 8, -3/79 HPs)
             Began as a Troll Berserker on Jan 31, 2016.
             Was a High Priest of Trog.
             Killed from afar by an electric eel (13 damage)
             ... with a bolt of electricity
             ... on level 6 of the Dungeon.
             The game lasted 00:18:25 (3962 turns).

Shaidar413 the Ducker (Troll Berserker)             Turns: 3962, Time: 00:18:25

Health: -3/79      AC:  5    Str: 28    XL:     8   Next: 37%
Magic:  7/7        EV: 12    Int:  3    God:    Trog [*****.]
Gold:   344        SH:  0    Dex:  9    Spells: 0 memorised, 7 levels left

rFire  . . .     SeeInvis .       - Unarmed
rCold  . . .     Gourm    +     a - +0 animal skin
rNeg   + . .     Faith    .     (no shield)
rPois  .         Spirit   .     (helmet restricted)
rElec  .         Dismiss  .     (no cloak)
rCorr  .         Reflect  .     (gloves unavailable)
SustAt .         Harm     .     (boots unavailable)
MR     .....                    v - amulet of the gourmand
Stlth  +.........               y - +1 ring of evasion
                                p - ring of positive energy

@: not resistant to hostile enchantments, very unstealthy
A: unfitting armour, claws 3, fast metabolism 3, gourmand, regeneration 2,
shaggy fur 1, tough skin 2
a: Berserk, Trog's Hand, Brothers in Arms, Burn Spellbooks, Renounce Religion


You were on level 6 of the Dungeon.
You worshipped Trog.
Trog was extremely pleased with you.
You were not hungry.

You visited 1 branch of the dungeon, and saw 6 of its levels.

You collected 344 gold pieces.

Inventory:

Armour
 a - a +0 animal skin (worn)
 s - a +2 shield
Jewellery
 k - a cursed -2 ring of protection
 p - a ring of positive energy (left claw)
 v - an amulet of the gourmand (around neck)
 y - a +1 ring of evasion (right claw)
Wands
 q - a wand of heal wounds (3/9)
 u - a wand of slowing (36/48)
Scrolls
 c - a scroll of teleportation
 d - a scroll of identify
 j - a scroll of fog
 l - 4 scrolls of remove curse
Potions
 i - 2 potions of flight
 m - 3 potions of poison
 n - 3 potions of curing
 w - 3 potions of magic
Comestibles
 b - 3 bread rations
 f - 2 beef jerkies
 o - 2 meat rations
 x - a slice of pizza
 z - 4 fruits


   Skills:
 + Level 4.7 Fighting
 + Level 6.3 Dodging
 + Level 0.9 Stealth
 + Level 6.2 Unarmed Combat


You had 7 spell levels left.
You didn't know any spells.

Dungeon Overview and Level Annotations

Branches:
Dungeon (6/15)
 Temple: D:4-7

Altars:
Elyvilon
Sif Muna
Trog
Zin
The Shining One


Innate Abilities, Weirdness & Mutations

You are too large for most types of armour.
You have claws for hands.
Your metabolism is lightning-fast.
You like to eat raw meat.
You heal very quickly.
You are covered in fur (AC +1).
You have very tough skin (AC +2).


Message History

* * * LOW HITPOINT WARNING * * *
Drink which item? (? for menu, Esc to quit)
You feel much better. The adder closely misses you.
The adder closely misses you. The adder bites you but does no damage.
The electric eel shoots out a bolt of lightning at you!
The bolt of electricity hits you! The bolt of electricity misses you.
The adder closely misses you.
The electric eel shoots out a bolt of lightning at you!
The bolt of electricity hits the adder.
The adder dies!
The bolt of electricity hits you!
* * * LOW HITPOINT WARNING * * *
The bolt of electricity hits you!
* * * LOW HITPOINT WARNING * * *
Unknown command.
Drink which item? (? for menu, Esc to quit)
You feel better.
The electric eel shoots out a bolt of lightning at you!
The bolt of electricity hits you!
You die...

#...#######################
#####≈≈≈≈≈≈≈≈≈≈≈≈≈≈≈≈≈≈≈≈≈≈
≈≈≈≈≈≈≈≈≈≈≈≈≈≈≈≈≈≈≈≈≈≈≈≈
≈≈≈≈≈≈≈≈≈≈≈≈;≈≈≈≈≈≈≈≈≈≈≈
.≈≈≈≈≈..≈≈.≈≈≈≈≈.≈..≈.≈≈
.......................
......................
#..#.#>..†..............
#.....@................
#####.################# #.
.. ##. .. ._ ..


You could see an electric eel.

Vanquished Creatures
  Duvessa (D:4)
  A sky beast (D:5)
  A centaur (D:5)
  2 giant frogs (D:6)
  3 big kobolds (D:6)
  Dowan (D:4)
  A scorpion (D:6)
  2 hounds
  A giant frog skeleton (D:6)
  2 centaur skeletons
  Jessica (D:2)
  7 worker ants
  A killer bee zombie (D:5)
  A worker ant zombie (D:5)
  8 gnolls (D:6)
  4 adders
  An adder zombie (D:5)
  4 worms
  4 giant geckos
  9 orcs
  5 bats
  7 giant cockroaches
  28 goblins
  28 hobgoblins
  4 jackals (D:2)
  2 quokkas
  A ball python (D:2)
  A giant cockroach zombie (D:5)
  5 giant newts
  6 kobolds
  A quokka skeleton (D:6)
  12 rats
155 creatures vanquished.

Vanquished Creatures (others)
  An adder (D:6)
  10 plants (D:6)
11 creatures vanquished.

Grand Total: 166 creatures vanquished

Notes
Turn   | Place    | Note
--------------------------------------------------------------
     0 | D:1      | Shaidar413 the Troll Berserker began the quest for the Orb.
     0 | D:1      | Reached XP level 1. HP: 22/22 MP: 0/0
    99 | D:1      | Reached XP level 2. HP: 17/29 MP: 1/1
   656 | D:1      | Reached XP level 3. HP: 36/36 MP: 2/2
   663 | D:1      | Reached ** piety under Trog
  1035 | D:2      | Noticed Jessica
  1045 | D:2      | Killed Jessica
  1045 | D:2      | Reached XP level 4. HP: 45/45 MP: 3/3
  1078 | D:2      | Found a glowing silver altar of Zin.
  1078 | D:2      | Found a white marble altar of Elyvilon.
  1079 | D:2      | Found a glowing golden altar of the Shining One.
  1138 | D:2      | Found a deep blue altar of Sif Muna.
  1532 | D:3      | Reached *** piety under Trog
  1625 | D:3      | Reached XP level 5. HP: 51/53 MP: 4/4
  1984 | D:4      | Noticed Duvessa
  1984 | D:4      | Noticed Dowan
  2042 | D:4      | Reached skill level 4 in Unarmed Combat
  2045 | D:4      | Killed Duvessa
  2045 | D:4      | Reached XP level 6. HP: 54/61 MP: 5/5
  2054 | D:4      | Killed Dowan
  2312 | D:5      | Entered Level 5 of the Dungeon
  2389 | D:5      | Noticed a sky beast
  2413 | D:5      | Killed a sky beast
  2413 | D:5      | Reached XP level 7. HP: 27/70 MP: 6/6
  2518 | D:5      | Reached skill level 5 in Unarmed Combat
  2645 | D:5      | Reached skill level 5 in Dodging
  3241 | D:6      | Reached **** piety under Trog
  3443 | D:6      | Reached XP level 8. HP: 63/79 MP: 7/7
  3814 | D:6      | Reached skill level 6 in Unarmed Combat
  3825 | D:6      | Reached ***** piety under Trog
  3955 | D:6      | HP: 3/79 [electric eel/bolt of electricity (12)]
  3955 | D:6      | HP: 1/79 [adder (2)]
  3962 | D:6      | Found a bloodstained altar of Trog.
  3962 | D:6      | Killed from afar by an electric eel

Vault maps used:
D:1:      evilmike_arrival_crescent
D:2:      good_gods_mini_temple, first_bread, lemuel_altar_in_water2,
          uniq_jessica
D:4:      uniq_duvessa
D:6:      minmay_goblin_kobold_castle, nicolae_overflow_crystal_walls,
          fedhas_altar_decomposition, lemuel_crystal_altar, serial_shops,
          kennysheep_mini, portal_sewer_entry_d, uniq_blork_the_orc

Action                   |  1- 3 |  4- 6 |  7- 9 || total
-------------------------+-------+-------+-------++-------
Melee: Unarmed           |   118 |   112 |   230 ||   460
Invok: Berserk           |       |     1 |     1 ||     2
  Use: Scroll            |     6 |     4 |     4 ||    14
       Potion            |       |       |     7 ||     7
 Stab: Sleeping          |     1 |       |       ||     1
  Eat: Chunk             |    10 |    17 |    11 ||    38
